 Dungeon Crawl Stone Soup version 0.30.0-29-ga12c61a403 (webtiles) character file.

Game seed: 5009218045431541567

149 LustLizard the Gusty (level 5, 0/31 (33) HPs)
             Began as an Octopode Air Elementalist on June 23, 2023.
             Slain by a goblin
             ... wielding a +1 dagger of draining
             ... led by Robin
              (6 damage)
             ... on level 2 of the Dungeon on June 24, 2023.
             The game lasted 00:04:48 (2223 turns).

LustLizard the Gusty (Octopode Air Elementalist)    Turns: 2223, Time: 00:04:49

HP:   0/31 (33)     AC:  1    Str:  9    XL:     5   Next: 31%
MP:   2/8           EV: 13    Int: 23    God:
Gold: 82            SH:  0    Dex: 13    Spells: 6/9 levels left

rFire   . . .        (no weapon)
rCold   . . .        (no shield)
rNeg    . . .        (helmet restricted)
rPois   .            (no amulet)
rElec   .            d - +6 ring of intelligence
rCorr   .            (no ring)
SInv    .            (no ring)
Will    .....        (no ring)
Stlth   +++          (no ring)
HPRegen 0.25/turn    (no ring)
MPRegen 0.11/turn    (no ring)
                     (no ring)

%: no passive effects
@: mighty, drained
A: almost no armour, amphibious, 8 rings, camouflage 1, gelatinous body 1,
(nimble swimmer 1), tentacles
a: no special abilities


You were on level 2 of the Dungeon.
You visited 1 branch of the dungeon, and saw 2 of its levels.

You collected 82 gold pieces.

Inventory:

Jewellery
 d - a +6 ring of intelligence (left tentacle)
Wands
 l - a wand of flame (23)
Scrolls
 h - a scroll of magic mapping {unknown}
 i - a scroll of silence {unknown}
 k - a scroll of immolation {unknown}
Potions
 a - a potion of magic
 b - a potion of might
 c - a potion of heal wounds {unknown}
 e - a potion of degeneration {unknown}
 f - a potion of attraction {unknown}
 g - 2 potions of curing {unknown}
 j - 2 potions of mutation {unknown}


   Skills:
 + Level 1.6 Fighting
 - Level 2.0 Dodging
 + Level 4.0 Stealth
 + Level 2.5 Spellcasting
 + Level 2.1 Conjurations
 * Level 4.1 Air Magic


You had 6 spell levels left.
You knew the following spells:

 Your Spells              Type           Power      Damage    Failure   Level
a - Shock                 Conj/Air       68%        1d7       3%          1
b - Static Discharge      Conj/Air       34%        2-4/arc   4%          2

Your spell library contained the following spells:

 Spells                   Type           Power      Damage    Failure   Level
 Swiftness                Air            22%        N/A       7%          3
 Airstrike                Air            11%        2d(2-18)  22%         4


Dungeon Overview and Level Annotations

Branches:
Dungeon (2/15)

Altars:

Shops:
D:1 (

Annotations:
D:2 Robin, Sigmund


Innate Abilities, Weirdness & Mutations

You cannot wear most types of armour.
You are amphibious.
You can wear up to eight rings at the same time.
Your skin changes colour to match your surroundings (Stealth+).
Your rubbery body absorbs attacks. (AC +1, EV +1)
((You are camouflaged when in or above water. (Stealth+)))
You have tentacles for arms and can constrict up to eight enemies at once.


Message History

Unknown command.
The goblin shouts!
You tentacle-slap the goblin. Your grab misses the goblin.
The goblin is heavily wounded.
Robin roars a battlecry!
The goblins go into a battle-frenzy!
The goblin barely misses you.
You closely miss the goblin. Your grab misses the goblin.
The goblin is heavily wounded.
Robin throws the goblin at you! The goblin closely misses you.
The goblin misses you.
Your magical contamination has completely faded away.
You tentacle-slap the goblin. You grab the goblin. You squeeze the goblin.
You kill the goblin!
The goblin barely misses you.
You barely miss the goblin. Your grab misses the goblin.
You squeeze the goblin.
You kill the goblin!
The goblin barely misses you. The goblin hits you with a +0 club.
You barely miss the goblin. You grab the goblin.
You constrict the goblin, but do no damage.
The goblin hits you with a +1 dagger of draining!
You feel drained. The goblin barely misses you.
Unknown command.
You tentacle-slap the goblin but do no damage.
You constrict the goblin. Robin throws the goblin at you!
The goblin misses you. The goblin hits you with a +0 club.
Unknown command.
You tentacle-slap the goblin.
You kill the goblin!
The goblin hits you with a +1 dagger of draining.
You feel drained. The goblin hits you with a +0 club.
* * * LOW HITPOINT WARNING * * *
Unknown command.
It was a potion of might.
You feel very mighty all of a sudden.
Robin hits you from afar with a +0 spear.
* * * LOW HITPOINT WARNING * * *
The goblin hits you with a +1 dagger of draining.
You die...

...#...........#########
...#.....).............#
.............)....†....#
..<....................#
...........)[..........#
..##.....####).........#
.....##).####.g........#
.....##....##...)g.....#
..##.....#.....g@...####
...####...#######)..#
#.......... #...#
.......###. #...#
#.....# .. #...# #.....#
.. ##### #..... ## ###


You could see Robin and 2 goblins.

Vanquished Creatures
  Jessica (D:2)
  3 gnolls (D:2)
  3 adders (D:2)
  3 dart slugs (D:1)
  3 ball pythons (D:1)
  4 bats
  4 endoplasms
  A giant cockroach (D:1)
  13 goblins
  2 hobgoblins (D:2)
  3 jackals (D:2)
  2 kobolds (D:1)
  6 quokkas (D:1)
  A frilled lizard (D:2)
  9 rats
58 creatures vanquished.

Notes
Turn   | Place    | Note
-------+----------+-------------------------------------------
     0 | D:1      | LustLizard the Octopode Air Elementalist began the quest
                  | for the Orb.
     0 | D:1      | Reached XP level 1. HP: 11/11 MP: 3/3
   220 | D:1      | Reached XP level 2. HP: 18/18 MP: 1/5
   269 | D:1      | Found Iqeusur's Weapon Shop.
   782 | D:1      | Reached XP level 3. HP: 22/22 MP: 0/6
  1084 | D:1      | Reached skill level 1 in Fighting
  1519 | D:2      | Noticed Sigmund
  1614 | D:2      | Noticed Jessica
  1625 | D:2      | Killed Jessica
  1626 | D:2      | Reached XP level 4. HP: 28/28 MP: 3/7
  1629 | D:2      | Learned a level 2 spell: Static Discharge
  1996 | D:2      | Reached XP level 5. HP: 33/33 MP: 2/8
  2191 | D:2      | Noticed Robin
  2223 | D:2      | Slain by a goblin

Illustrated notes

Levels and vault maps discovered:
D:1:      elethiomel_arrival_diamonds, layout_loops_ring, serial_shops,
          nicolae_shop_peninsula, minmay_misc_feat_tower, grunt_decor_cap
D:2:      layout_rooms, uniq_jessica, uniq_sigmund, uniq_robin

Skill      XL: |  1  2  3  4  5 |
---------------+----------------+-----
Stealth        | 3 4 |  4.0
Fighting       | 1 |  1.6
Air Magic      | 4 |  4.1
Conjurations   | 2 |  2.1
Dodging        | |  2.0
Spellcasting   | |  2.5

Action                     |  1- 3 |  4- 6 || total
---------------------------+-------+-------++-------
  Melee: Unarmed           |     6 |    15 ||    21
         Constrict         |     4 |     4 ||     8
         Tentacles         |     2 |     4 ||     6
         Punch             |       |     1 ||     1
   Cast: Shock             |    77 |    43 ||   120
    Use: Potion            |       |     1 ||     1
 Armour: Skin              |     1 |       ||     1
  Dodge: Dodged            |    14 |    15 ||    29
